[Event "FIDE WTC Prel-B 2022"]
[Site "Jerusalem"]
[Date "2022.11.20"]
[Round "1.13"]
[White "Vidit, Santosh Gujrathi"]
[Black "Rodshtein, Maxim"]
[Result "1/2-1/2"]
[ECO "D52"]
[WhiteElo "2724"]
[BlackElo "2618"]
[Annotator "TA"]
[PlyCount "104"]
[EventDate "2022.11.20"]
[EventType "team-tourn"]
[EventCountry "ISR"]
[SourceTitle "playchess.com"]
[Source "ChessBase"]
[SourceQuality "1"]
[WhiteTeam "India"]
[BlackTeam "Israel"]
[WhiteTeamCountry "IND"]
[BlackTeamCountry "ISR"]
[TimeControl "2700+10"]

1. d4 {[%emt 0:00:17] Tomashevsky,E} Nf6 2. c4 e6 3. Nf3 d5 4. Nc3 c6 5. Bg5 Nbd7 6. e3 Qa5 7. cxd5 Nxd5 8. Rc1 {[%emt 0:00:17][%cal Ba1c1,Bc1c2,Bc2e2,Be2e3][%mdl 32] D52: Queen's Gambit Declined: Cambridge Springs Variation.} Nxc3 {[%emt 0:01:08] 8...Bb4 deserves study.} 9. bxc3 Ba3 10. Rc2 {[%emt 0:00:03] White is slightly better.} b6 11. Be2 Ba6 12. O-O Bxe2 13. Rxe2 O-O 14. e4 Rfe8 {[%emt 0:00:43] [#]} 15. e5 $146 ({Predecessor:} 15. Re3 Bf8 16. e5 Qxa2 17. Nd2 c5 18. Ne4 cxd4 19. cxd4 Rac8 20. Qg4 Rc4 21. Rf3 Rxd4 {1-0 (34) Tomashevsky,E (2743)-Ipatov,A (2624) Reykjavik 2015 CBM 170 [Tomashevsky,E]}) 15... Qxc3 16. Re3 Qa5 17. Nd2 $1 Be7 $1 18. Bxe7 Rxe7 19. Ne4 $1 Rf8 20. Qh5 Qd5 $1 21. Rfe1 ({Much weaker is} 21. Ng5 h6 22. Ne4 f5 $17) 21... f6 22. Rh3 $132 {[%emt 0:05:12][%mdl 2048] White is not keeping still} g6 23. Qh4 Ref7 24. exf6 Qxd4 25. Ng5 $1 Qxh4 26. Rxh4 Nxf6 27. Nxf7 Kxf7 $11 {[%emt 0:00:03][%mdl 4096] Endgame KRR-KRN} 28. g4 Rd8 (28... h5 $11 {keeps the balance.}) 29. g5 $16 {[%emt 0:00:02][%mdl 1024] [#] Rf4 is the strong threat. White has strong compensation.} Nh5 {[%emt 0:00:02] Against Rf4+} 30. Ra4 Rd7 31. Re3 Ke7 32. Rea3 {[%emt 0:01:19] White is more active.} a5 33. Rb3 b5 34. Rxa5 Nf4 {[%emt 0:00:04][%cal Rd7d1] [#]} 35. h4 Kd6 36. a4 bxa4 37. Rxa4 e5 38. f3 (38. Rba3 $16) 38... Kd5 39. Kf2 c5 40. Ke3 Ng2+ 41. Kf2 (41. Ke2 $5 Nf4+ 42. Ke3 $14) 41... Nf4 {[%emt 0:00:01] Inhibits Rd3+.} 42. Rb1 {[%emt 0:00:14] Strongly threatening Rd1+.} Ne6 43. Rba1 {[%emt 0:00:15] Threatens to win with Ra7.} Rf7 ({Black should try} 43... Rb7 $14) 44. Ra7 $18 Rf4 (44... Nc7 {is a better defense.} 45. Ke2 Re7) 45. Rxh7 Nd4 46. h5 $2 (46. Ra3 $18) 46... Rxf3+ $11 {[%emt 0:00:10] The position is equal.} 47. Kg2 Rf5 $1 48. h6 Rxg5+ 49. Kf2 Rf5+ 50. Kg2 {[%emt 0:00:03] And now Rd7+ would win.} Rg5+ 51. Kf2 {[%emt 0:00:01] aiming for Rh1.} Rf5+ 52. Kg2 {[%emt 0:00:01] Hoping for Rd7+.} Rg5+ {[%emt 0:00:13] Weighted Error Value: White=0.14 (very precise) /Black=0.15 (very precise)} 1/2-1/2

[Event "FIDE WTC Prel-B 2022"]
[Site "Jerusalem"]
[Date "2022.11.20"]
[Round "1.14"]
[White "Nabaty, Tamir"]
[Black "Nihal Sarin"]
[Result "1/2-1/2"]
[ECO "B13"]
[WhiteElo "2629"]
[BlackElo "2670"]
[Annotator "TA"]
[PlyCount "88"]
[EventDate "2022.11.20"]
[EventType "team-tourn"]
[EventCountry "ISR"]
[SourceTitle "playchess.com"]
[Source "ChessBase"]
[SourceQuality "1"]
[WhiteTeam "Israel"]
[BlackTeam "India"]
[WhiteTeamCountry "ISR"]
[BlackTeamCountry "IND"]
[TimeControl "2700+10"]

1. d4 d5 2. Bf4 c5 3. e3 cxd4 4. exd4 Nc6 5. Bb5 Nf6 6. Nf3 {[%emt 0:00:12] B13: Caro-Kann: Exchange Variation and Panov-Botvinnik Attack.} Qa5+ $1 {[%emt 0:00:14][%mdl 4] is recently more successful than 6...Bg4.} 7. Nc3 Bg4 8. h3 Bxf3 9. Qxf3 e6 10. a3 Rc8 11. O-O {[%emt 0:06:36] [#]} Be7 $146 ({Predecessor:} 11... Qb6 12. Rfe1 Be7 13. Be3 O-O 14. Bd3 Na5 15. Qg3 Nc4 16. Na4 Qc6 17. Bh6 Ne8 {0-1 (27) Neumann,U-Hoeppenstein,M DESC email 2010}) 12. Be3 Qb6 13. Bd3 O-O (13... Nxd4 14. Qf4 e5 15. Qxe5 $16) (13... Qxb2 $2 14. Na4 Nxd4 15. Qf4 (15. Nxb2 Nxf3+ 16. gxf3 Bc5 $16) 15... Qxc2 16. Qxd4 $18) 14. Ne2 Rfe8 (14... Qxb2 $2 15. Rfb1 Ne5 16. dxe5 Qxe5 17. Bf4 $18) 15. b3 (15. c3 $142) 15... Qd8 (15... Qc7 {with more complications.} 16. Qg3 Bd6 17. f4 Na5) 16. Rfd1 a6 17. Nf4 g6 18. g4 Bf8 19. Qg2 (19. c4 {keeps more tension.} dxc4 20. bxc4 Nxd4 21. Bxd4 Qxd4 22. g5) 19... Bg7 20. c4 dxc4 21. Bxc4 b5 22. Be2 ({Better is} 22. d5 $11 bxc4 23. dxc6) 22... Ne7 $1 $15 23. a4 Ned5 24. axb5 Nc3 $1 {[%emt 0:01:31][%csl LRb5,LRd1] [#] Strongly threatening ...g5. Pair of Knights!} ({Resist} 24... Rc2 25. Qf3 $16) 25. Re1 ({Avoid the trap} 25. Rxa6 $2 e5 26. dxe5 Nxe2+ 27. Nxe2 Qxd1+ 28. Qf1 Qxf1+ 29. Kxf1 Nd5 $19) ({But not} 25. bxa6 g5 26. Nh5 Nxe2+ 27. Kf1 Nf4 28. Bxf4 gxf4 29. Nxf4 Re7 $17) 25... Nxe2+ 26. Rxe2 axb5 27. Qb7 {[%emt 0:00:18] Black must now prevent Ra7.} Nd5 28. Nxd5 Qxd5 29. Ra7 Qxb7 30. Rxb7 Red8 31. Rd2 Rd5 32. Kg2 (32. Rc2 $5 Rf8 33. Rc5 $11) 32... h5 {[%emt 0:00:03] The position is equal.} 33. gxh5 gxh5 34. Ra2 Rcd8 35. Raa7 Rf5 36. Rd7 Rxd7 37. Rxd7 $11 {[%emt 0:00:01][%mdl 4096] Endgame KRB-KRB} Kh7 38. Rc7 Kg6 39. Rc5 Bf8 40. Rc8 Bg7 41. f4 Rd5 42. Rc5 Bf8 43. Rc8 Bg7 44. Rc5 $1 Bf8 {[%emt 0:00:24] Weighted Error Value: White=0.07 (flawless) /Black=0.04 (flawless)} 1/2-1/2

[Event "FIDE WTC Prel-B 2022"]
[Site "Jerusalem"]
[Date "2022.11.20"]
[Round "1.15"]
[White "Sethuraman, S.P."]
[Black "Boruchovsky, Avital"]
[Result "1/2-1/2"]
[ECO "C84"]
[WhiteElo "2643"]
[BlackElo "2552"]
[Annotator "TA"]
[PlyCount "160"]
[EventDate "2022.11.20"]
[EventType "team-tourn"]
[EventCountry "ISR"]
[SourceTitle "playchess.com"]
[Source "ChessBase"]
[SourceQuality "1"]
[WhiteTeam "India"]
[BlackTeam "Israel"]
[WhiteTeamCountry "IND"]
[BlackTeamCountry "ISR"]
[TimeControl "2700+10"]

1. e4 e5 2. Nf3 Nc6 3. Bb5 a6 4. Ba4 Nf6 5. d3 b5 6. Bb3 Be7 7. O-O Bb7 8. a4 O-O 9. Nc3 Na5 {[%emt 0:00:06] C84: Closed Ruy Lopez: Unusual White 6th moves.} 10. Bd5 $1 {[%emt 0:00:47][%mdl 4] now scores much better than the old 10.Ba2.} c6 11. Ba2 b4 12. Ne2 Qc7 13. Ng3 d5 14. Bg5 dxe4 15. dxe4 c5 {[%emt 0:02:15] [#]} 16. Qe1 $146 ({Predecessor:} 16. Qe2 g6 17. Bxf6 Bxf6 18. Bd5 Rfd8 19. Rfd1 Kg7 20. Rab1 Nc6 21. c3 Ne7 22. Bxb7 Qxb7 {½-½ (40) Neborak,Y (2323)-Peet,W (2258) ICCF email 2017}) 16... h6 17. Bxf6 Bxf6 18. Rd1 Rad8 19. Bd5 Bc8 20. Qe2 (20. c3 $5 ) 20... c4 21. Rfe1 c3 22. b3 Rd6 23. Nf1 Rfd8 24. Ne3 Qe7 25. g3 g6 26. h4 h5 27. Rd3 Kg7 28. Red1 R6d7 29. Rf1 Qc5 30. Rdd1 Rd6 31. Ng5 Bxg5 32. hxg5 Bh3 33. Rfe1 Nc6 {[%emt 0:00:01] White must now prevent ...Nd4.} 34. Qf3 ({Much worse is} 34. Qxa6 Nd4 35. Qc4 Qxc4 36. Nxc4 Nxc2 37. Nxd6 Rxd6 $17) 34... R8d7 (34... Rf8 $14) 35. Bxc6 (35. Qh1 $1 $18 Be6 36. g4) 35... Qxc6 $14 36. Rd5 Rxd5 $2 (36... f5 $11) 37. exd5 $18 ({Inferior is} 37. Nxd5 a5 $11) 37... Qd6 (37... Qb6 $142 38. Nc4 Qd8) 38. Qe4 $2 (38. Qh1 $18) 38... Re7 (38... Rd8 $1 $14) 39. Nc4 $16 Qc5 40. Ne3 $2 {[%emt 0:01:05] Against Bf5} ({Stronger than} 40. Nxe5 Bf5 41. Qf3 Qd4 $17) (40. Qf3 $1 $16 ) 40... Qd4 $2 (40... Qd6 $11 {and Black has nothing to worry.}) 41. Qf3 $1 $36 {[%emt 0:00:18][%mdl 2048] Threatens to win with Qf6+. Keeping Black busy.} e4 42. Qf4 Qe5 43. Rd1 Bd7 44. a5 Re8 (44... f6 $16 {was necessary.}) 45. Qxe5+ Rxe5 {[%emt 0:00:02][%mdl 4096] Endgame KRB-KRN} 46. Rd4 Rxg5 (46... Kf8 $142 47. Rxb4 Bb5) 47. Rxe4 Bb5 48. Rxb4 Kf8 $2 {[%emt 0:00:06] [#]} (48... Re5 49. Kg2 Re8) 49. Re4 (49. Rxb5 $142 $1 f5 50. Rb6) 49... f6 50. Kg2 Re5 51. Rxe5 fxe5 {[%emt 0:00:01] KB-KN} 52. Kf3 Ke7 53. Ke4 Kf6 54. Nc4 g5 55. Nxe5 h4 56. Ng4+ Ke7 57. Nh2 $2 (57. gxh4 $18 gxh4 58. Ne3) 57... h3 58. Kd4 Kd6 59. Kxc3 Kxd5 60. Kd2 {[%emt 0:00:01] c4+ is the strong threat.} Ke4 $2 (60... Be8 $14) 61. f3+ Ke5 62. Ke3 Bd7 63. c4 Be6 64. Kd3 (64. f4+ $142 gxf4+ 65. gxf4+ Kd6 66. Ke4) 64... Bf5+ 65. Kc3 $1 Bd7 $2 {[%emt 0:00:27] [#]} (65... Be6 66. Kd3 Bc8) 66. b4 $1 Bc6 67. Kd3 Bd7 68. Ke3 Be6 69. Kd3 Bd7 $1 {[%emt 0:00:01] [#] Prevents b5.} 70. Nf1 $1 Bf5+ $2 (70... Bc6 71. Ke3 Kf5) 71. Ke3 Be6 72. Kd3 $2 (72. f4+ $18 gxf4+ 73. gxf4+ Kd6 74. Kd4) 72... Bf5+ $1 $14 73. Kc3 {[%emt 0:00:25] And now b5 would win.} Bd7 $1 {[%emt 0:00:01] Against b5} 74. Nh2 {[%emt 0:00:16] aiming for Kd3.} (74. b5 $5 axb5 75. a6 $16) 74... Bc6 $1 75. Kd3 (75. b5 $5 axb5 76. a6 $16) 75... Bd7 $1 76. Ke3 $2 (76. b5 $14 axb5 77. cxb5 Bxb5+ 78. Ke3) 76... Be6 $18 77. Kd3 $2 (77. b5 $18 Bxc4 78. Ng4+ Kf5 79. b6) 77... Bf5+ ({Better is} 77... Bd7 $1 $11) 78. Kc3 $1 $14 {[%emt 0:00:05] Strongly threatening b5.} Bd7 $1 {[%emt 0:00:01] Prevents b5.} 79. Kd3 (79. b5 $1 $14 axb5 80. a6) 79... Bf5+ $1 $11 80. Ke3 $2 (80. Kd2 $11) 80... Be6 {[%emt 0:02:21][%mdl 32768] Weighted Error Value: White=0.43/Black=0.36. An unexpected result.} 1/2-1/2

[Event "FIDE WTC Prel-B 2022"]
[Site "Jerusalem"]
[Date "2022.11.20"]
[Round "1.16"]
[White "Kobo, Ori"]
[Black "Gupta, Abhijeet"]
[Result "1/2-1/2"]
[ECO "B53"]
[WhiteElo "2554"]
[BlackElo "2616"]
[Annotator "TA"]
[PlyCount "77"]
[EventDate "2022.11.20"]
[EventType "team-tourn"]
[EventCountry "ISR"]
[SourceTitle "playchess.com"]
[Source "ChessBase"]
[SourceQuality "1"]
[WhiteTeam "Israel"]
[BlackTeam "India"]
[WhiteTeamCountry "ISR"]
[BlackTeamCountry "IND"]
[TimeControl "2700+10"]

1. e4 c5 2. Nf3 d6 3. d4 cxd4 4. Qxd4 Nc6 5. Bb5 Bd7 6. Qd3 g6 7. O-O {[%emt 0:00:23] B53: Sicilian: 2...d6: Lines with Qxd4.} Bg7 8. c4 Nf6 9. Nc3 O-O 10. h3 a6 {[%emt 0:00:57] [#] aiming for ...Nb4.} 11. Bxc6 Bxc6 12. Nd4 Rc8 13. Be3 Nd7 14. Rac1 Nc5 15. Qc2 Ne6 16. Nxe6 fxe6 17. Ne2 Qa5 18. Nd4 {[%emt 0:00:08] [#]} Bd7 $146 (18... Qxa2 $2 19. Ra1 (19. Nxe6 Qxb2 20. Qd3 Rf7 $11) 19... Bxe4 20. Qxe4 (20. Rxa2 Bxc2 21. Nxc2 Rxc4 $14) 20... Qxc4 21. Rac1 $18 (21. Qxe6+ Qxe6 22. Nxe6 Rf5 $16)) ({Predecessor:} 18... Qe5 19. f3 g5 20. Qd2 h6 21. b3 Rfd8 22. Rcd1 d5 23. Nxc6 bxc6 24. Bb6 Rd7 25. exd5 exd5 {½-½ (45) Kovalevskaya,E (2453)-Bodnaruk,A (2431) Chita 2015}) 19. Qb3 Bxd4 (19... b6 $11 {remains equal.}) 20. Bxd4 $16 Qa4 21. Qxa4 {[%emt 0:10:16] White is more active.} Bxa4 22. f3 Kf7 23. b3 Bd7 24. Rfd1 Rc6 25. a4 b6 26. Be3 Rfc8 27. Rb1 e5 28. Kf2 Be6 29. Rdc1 Ke8 30. Ke2 Kd7 31. h4 h5 (31... b5 $5) 32. Kd2 b5 {[%emt 0:00:44] The position is equal.} 33. cxb5 Rxc1 34. Rxc1 Rxc1 35. Kxc1 axb5 36. axb5 Bxb3 $11 {[%emt 0:00:03] KB-KB} 37. Kd2 Bc4 38. b6 Kc6 39. Ke1 {[%emt 0:00:18] Weighted Error Value: White=0.04 (flawless) /Black=0.08 (flawless)} 1/2-1/2

[Event "FIDE WTC Prel-B 2022"]
[Site "Jerusalem"]
[Date "2022.11.20"]
[Round "1.17"]
[White "Wojtaszek, Radoslaw"]
[Black "Niemann, Hans Moke"]
[Result "1/2-1/2"]
[ECO "A29"]
[WhiteElo "2686"]
[BlackElo "2699"]
[Annotator "TA"]
[PlyCount "107"]
[EventDate "2022.11.20"]
[EventType "team-tourn"]
[EventCountry "ISR"]
[SourceTitle "playchess.com"]
[Source "ChessBase"]
[SourceQuality "1"]
[WhiteTeam "Poland"]
[BlackTeam "United States"]
[WhiteTeamCountry "POL"]
[BlackTeamCountry "USA"]
[TimeControl "2700+10"]

1. c4 Nf6 2. Nc3 e5 3. Nf3 Nc6 4. g3 d5 5. cxd5 Nxd5 6. Bg2 Nb6 7. O-O Be7 8. a3 O-O 9. b4 Be6 10. Rb1 f6 11. b5 {[%emt 0:00:04] A29: English Opening: Four Knights Variation with 4 g3.} Nd4 12. e3 Nxf3+ 13. Bxf3 Rb8 14. d4 exd4 15. exd4 Bf7 16. Re1 Re8 17. a4 Qd7 {[%emt 0:05:43] [#]} (17... Bd6 $11) 18. Bf4 $146 ({Predecessor:} 18. a5 Nd5 19. Nxd5 Bxd5 20. Bf4 Rbc8 21. Bg4 f5 22. Bh5 Red8 23. Bf3 Bf8 24. Be5 {1-0 (44) Dubov,D (2699)-Nakamura,H (2736) chess24.com INT 2020}) 18... Nc4 19. Bg4 f5 20. Bf3 g5 21. Be5 Nxe5 22. dxe5 Qxd1 23. Rexd1 g4 24. Bg2 Bg5 25. Rd7 Rxe5 26. Rxc7 Re7 (26... Bd2 {seems wilder.} 27. Rd1 Rd8 28. Bxb7 Rd4) 27. Rxe7 Bxe7 28. Nd5 Bg5 29. b6 axb6 30. Nxb6 Be6 31. Bd5 Bxd5 32. Nxd5 $14 {[%emt 0:00:01][%mdl 4096] Endgame KRB-KRN} Ra8 33. h4 gxh3 34. Rxb7 Ra5 35. Rd7 {[%emt 0:02:29] aiming for f4.} Kf8 36. f4 {[%emt 0:01:09] White is more active.} Ke8 37. Rd6 Bd8 ({Don't take} 37... Be7 38. Nxe7 h2+ 39. Kxh2 Kxe7 40. Rd4 $16) 38. Kh2 Rxa4 39. Kxh3 Ra3 40. Re6+ Kf7 41. Re5 Kg6 42. Re8 Ba5 ({Better is} 42... Ra8 $1 $14) 43. Re6+ $16 Kg7 {[%emt 0:00:04] [#]} 44. Ra6 $1 Kf7 {[%emt 0:00:01] [#]} 45. Rf6+ (45. Ra7+ $1 $16 Kg6 46. Ne7+ Kf6 47. Ng8+ Ke6 48. Ra6+ Kd7 49. Nh6) 45... Kg7 $11 {[%emt 0:00:01] The position is equal.} 46. Rxf5 Be1 47. Rg5+ Kf7 48. f5 h6 49. Rg6 Rf3 50. Rf6+ Kg7 51. Rg6+ Kf7 52. Rf6+ Kg7 53. Rg6+ Kf7 54. Rf6+ {[%emt 0:00:13] Weighted Error Value: White=0.09 (flawless) /Black=0.09 (flawless)} 1/2-1/2

[Event "FIDE WTC Prel-B 2022"]
[Site "Jerusalem"]
[Date "2022.11.20"]
[Round "1.18"]
[White "Bruzon Batista, Lazaro"]
[Black "Piorun, Kacper"]
[Result "1/2-1/2"]
[ECO "E52"]
[WhiteElo "2615"]
[BlackElo "2611"]
[Annotator "TA"]
[PlyCount "66"]
[EventDate "2022.11.20"]
[EventType "team-tourn"]
[EventCountry "ISR"]
[SourceTitle "playchess.com"]
[Source "ChessBase"]
[SourceQuality "1"]
[WhiteTeam "United States"]
[BlackTeam "Poland"]
[WhiteTeamCountry "USA"]
[BlackTeamCountry "POL"]
[TimeControl "2700+10"]

1. d4 Nf6 2. c4 e6 3. Nf3 b6 4. Nc3 Bb4 5. e3 O-O 6. Bd3 d5 7. O-O dxc4 {[%emt 0:03:15] E52: Nimzo-Indian: Rubinstein: 4...0-0 5 Nf3 d5 6 Bd3 b6.} 8. Bxc4 Bb7 9. Qe2 Nbd7 {[%emt 0:02:14] 9...c5 is not played anymore.} 10. Rd1 (10. a3 $5 Bxc3 11. bxc3 $11) 10... Qe7 (10... Rc8 {with more complications.} 11. Ne5 c5 12. Bb5 Qc7) 11. a3 Bxc3 12. bxc3 c5 (12... Ne4 $5 13. Bb2 Nd6 $11) 13. a4 Ne4 14. Bb2 Rfc8 {[%emt 0:00:34] [#]} 15. Rac1 $146 ({Predecessor:} 15. a5 cxd4 16. Rxd4 Ndf6 17. a6 Bd5 18. Bxd5 exd5 19. c4 dxc4 20. Rxc4 Rxc4 21. Qxc4 {½-½ (91) Lodici,L (2523)-Zimina,O (2354) Chianciano Terme 2021}) 15... Nd6 16. Bd3 e5 17. Nxe5 Nxe5 18. dxe5 Qxe5 19. c4 Qg5 {[%emt 0:00:01][%csl Gb7][%cal Rg5g2] [#]} 20. e4 Re8 21. f3 f5 22. e5 Nf7 23. f4 (23. Bc2 $14 Re6 24. Qf2) 23... Qxf4 $11 {[%emt 0:00:23][%cal Rf7e5] The position is equal.} 24. Rf1 Qg4 25. Qxg4 ({Reject} 25. Rxf5 Qxe2 26. Bxe2 g6 $17) 25... fxg4 26. Bxh7+ $1 Kxh7 27. Rxf7 Bc8 28. e6 $36 {[%emt 0:00:30][%mdl 2048] White has good play.} Bxe6 29. Rxg7+ Kh6 30. Rc7 {[%emt 0:01:21] [#] Strongly threatening Rf1.} Rec8 31. Re7 Re8 32. Rc7 {[%emt 0:00:31] Threatens to win with Rf1.} Rec8 33. Re7 Re8 {[%emt 0:00:02] Weighted Error Value: White=0.06 (flawless) /Black=0.04 (flawless)} 1/2-1/2

[Event "FIDE WTC Prel-B 2022"]
[Site "Jerusalem"]
[Date "2022.11.20"]
[Round "1.19"]
[White "Bartel, Mateusz"]
[Black "Onischuk, Alexander"]
[Result "1/2-1/2"]
[ECO "C78"]
[WhiteElo "2627"]
[BlackElo "2640"]
[Annotator "TA"]
[PlyCount "77"]
[EventDate "2022.11.20"]
[EventType "team-tourn"]
[EventCountry "ISR"]
[SourceTitle "playchess.com"]
[Source "ChessBase"]
[SourceQuality "1"]
[WhiteTeam "Poland"]
[BlackTeam "United States"]
[WhiteTeamCountry "POL"]
[BlackTeamCountry "USA"]
[TimeControl "2700+10"]

1. e4 e5 2. Nf3 Nc6 3. Bb5 a6 4. Ba4 Nf6 5. O-O Bc5 6. d3 d6 7. c3 b5 8. Bb3 h6 9. h3 O-O 10. Nbd2 Re8 11. Re1 Be6 {[%emt 0:02:51] C78: Ruy Lopez: Archangelsk and Möller Defences.} 12. Nf1 d5 13. exd5 Bxd5 {[%emt 0:01:14] [#]} 14. Be3 $146 ({Predecessor:} 14. Bc2 Qd7 15. Ng3 Bf8 16. Be3 Rad8 17. Ne4 Nh7 18. Nc5 Qc8 19. b4 f5 20. Bb3 {0-1 (44) Sadikhov,U (2409)-Amin,B (2661) Baku 2016}) 14... Bf8 15. Ng3 Qd7 16. Ne4 Be7 17. Nfd2 Rad8 18. Nxf6+ Bxf6 19. Qh5 Be7 20. Ne4 Bxb3 21. axb3 f5 ({Don't play} 21... Qxd3 {[#]} 22. Bxh6 $1 g6 23. Qg4 $16) 22. Nc5 {[%emt 0:02:43] The position is equal.} Bxc5 23. Bxc5 a5 24. Qg6 Qe6 25. Qxe6+ Rxe6 26. d4 $1 Kf7 27. dxe5 Rd2 28. f4 g5 29. Rad1 Rxd1 30. Rxd1 gxf4 $11 {[%emt 0:00:12][%mdl 4096] Endgame KRB-KRN} 31. Rd7+ Kg6 32. Rxc7 Nxe5 33. Kf2 Nd3+ 34. Kf3 Re4 35. Bd4 Ne1+ 36. Kf2 Nd3+ 37. Kf3 Ne1+ 38. Kf2 Nd3+ 39. Kf3 {[%emt 0:00:02] An even fight not without its subleties.  Weighted Error Value: White=0.05 (flawless) /Black=0.05 (flawless)} 1/2-1/2

[Event "FIDE WTC Prel-B 2022"]
[Site "Jerusalem"]
[Date "2022.11.20"]
[Round "1.20"]
[White "Akobian, Varuzhan"]
[Black "Gumularz, Szymon"]
[Result "1-0"]
[ECO "D36"]
[WhiteElo "2591"]
[BlackElo "2561"]
[Annotator "TA"]
[PlyCount "135"]
[EventDate "2022.11.20"]
[EventType "team-tourn"]
[EventCountry "ISR"]
[SourceTitle "playchess.com"]
[Source "ChessBase"]
[SourceQuality "1"]
[WhiteTeam "United States"]
[BlackTeam "Poland"]
[WhiteTeamCountry "USA"]
[BlackTeamCountry "POL"]
[TimeControl "2700+10"]

1. d4 Nf6 2. c4 e6 3. Nc3 d5 4. cxd5 exd5 5. Bg5 c6 6. e3 h6 7. Bh4 Be7 8. Bd3 O-O 9. Qc2 Re8 10. Nf3 Ne4 11. Bxe7 Qxe7 12. O-O Nd7 13. Rab1 {[%emt 0:00:53] 13.b4 might become the main line.} Ndf6 14. b4 Nxc3 {[%emt 0:00:48] D36: Queen's Gambit Declined: Exchange Variation: Main line (5 Bg5 c6 6 Qc2).} 15. Qxc3 Ne4 16. Qc2 Nd6 {[%emt 0:00:35] [#] The position is equal.} 17. a4 $146 ({Predecessor:} 17. Ne5 Qf6 18. Rfc1 a6 19. a4 Re7 20. Qc5 Ne4 21. Qc2 Nd6 22. Qc5 {1-0 (35) Dimitrov,P (2189)-Stavrev,V Borovetz 2008}) 17... Be6 18. Rfc1 Rac8 19. Ne5 a6 20. Qc5 Qd8 21. h3 f6 22. Ng6 Qd7 23. Qc2 Bf5 24. Bxf5 Nxf5 25. Nf4 Nd6 26. Qd3 Qf7 27. Ne2 b5 (27... f5 $11) 28. Ra1 Nc4 29. Qc2 Qe7 30. Qc3 Rb8 31. Nf4 a5 32. Nd3 ({Much weaker is} 32. bxa5 b4 33. Qb3 Nxa5 $11) 32... axb4 33. Nxb4 Qd6 34. axb5 Rxb5 35. Na6 f5 36. Nc5 Rb2 37. Nd3 Rb7 38. Rab1 Rf7 39. Rb3 g5 40. Nb2 Nxb2 41. Rxb2 {[%emt 0:00:05] Black must now prevent Rb6.} Rf6 42. Rb6 (42. Rb7 {feels hotter.} Ref8 43. Qb3 g4 44. Rb6) 42... Ree6 $2 {[%emt 0:00:35] [#] This move loses the game for Black.} (42... Rc8 $14) 43. Qb3 $1 $18 Qd7 44. Rb7 Qd6 {[%emt 0:00:01] [#]} 45. Ra1 $1 Re7 46. Rxe7 Qxe7 {[%emt 0:00:00][%mdl 4096] Endgame KQR-KQR} 47. Qb6 {[%emt 0:00:06] Ra8+ is the strong threat.} Qe6 48. Qc7 Rf7 49. Ra8+ Kg7 $2 (49... Kh7 50. Qd8 Rg7) 50. Qd8 Kg6 51. Qg8+ Kh5 52. Rf8 Re7 53. Qxe6 Rxe6 54. Rxf5 {[%emt 0:00:02] KR-KR} Kg6 55. g4 Re8 56. Re5 Rxe5 (56... Rc8 57. Re6+ Kg7) 57. dxe5 {[%emt 0:00:01] KP-KP. White is clearly winning.} Kf7 58. f4 Ke6 59. Kf2 gxf4 60. exf4 d4 61. h4 c5 62. h5 c4 63. Ke2 Kd5 64. g5 d3+ 65. Kd2 Kd4 66. e6 {[%emt 0:00:08] White wants to mate with g6.} c3+ 67. Kd1 d2 68. Kc2 {[%emt 0:00:04] Weighted Error Value: White=0.07 (flawless) /Black=0.25 (precise)} (68. e7 $2 {is a self mate.} Kd3 69. e8=Q c2#) 1-0

[Event "FIDE WTC Prel-B 2022"]
[Site "Jerusalem"]
[Date "2022.11.20"]
[Round "1.21"]
[White "Mamedyarov, Shakhriyar"]
[Black "Yakubboev, Nodirbek"]
[Result "1-0"]
[ECO "D79"]
[WhiteElo "2741"]
[BlackElo "2667"]
[Annotator "TA"]
[PlyCount "97"]
[EventDate "2022.11.20"]
[EventType "team-tourn"]
[EventCountry "ISR"]
[SourceTitle "playchess.com"]
[Source "ChessBase"]
[SourceQuality "1"]
[WhiteTeam "Azerbaijan"]
[BlackTeam "Uzbekistan"]
[WhiteTeamCountry "AZE"]
[BlackTeamCountry "UZB"]
[TimeControl "2700+10"]

1. d4 Nf6 2. c4 g6 3. g3 c6 4. Bg2 d5 5. cxd5 cxd5 6. Nc3 Bg7 7. Nf3 O-O 8. O-O Nc6 9. Ne5 Bf5 10. Nxc6 bxc6 11. Bf4 Nd7 12. Qd2 {[%emt 0:02:57] D79: Fianchetto Grünfeld: Symmetrical Variation (6 0-0 c6 7 cxd5 cxd5).} e5 13. dxe5 Nxe5 14. b3 {[%emt 0:00:08] Inhibits Nc4. The position is equal.} Re8 15. Rac1 {[%emt 0:00:02] [#]} Nd7 $146 ({Predecessor:} 15... Qa5 16. Rfd1 Rac8 17. h3 Nd7 18. Bh6 Bh8 19. e4 dxe4 20. g4 Bxc3 21. Qxc3 Qxc3 22. Rxc3 {1-0 (59) Fridman,D (2607)-Zhalmakhanov,R (2391) Tashkent 2022}) 16. Rfe1 Rc8 17. e4 (17. Bg5 $5 Bf6 18. Bh6 $11) 17... Bxc3 18. Qxc3 dxe4 19. h3 h5 20. Rcd1 Qf6 21. Qxf6 Nxf6 22. Rd4 Nd5 23. Bd2 Re6 24. Kh2 Rce8 25. b4 e3 26. Bxd5 exd2 27. Rxe6 Bxe6 28. Bxe6 Rxe6 29. Rxd2 $11 {[%emt 0:15:55][%mdl 4096] Endgame KR-KR} Re4 30. a3 a5 31. bxa5 Ra4 32. Rd3 Rxa5 33. Kg2 Kg7 34. Kf3 Kf6 35. Re3 Rf5+ 36. Ke2 Rb5 37. Kd3 Rb2 38. Rf3+ Ke6 {[%emt 0:00:06] Hoping for ...Rb3+.} 39. Kc3 {[%emt 0:00:00] Prevents Rb3+.} Rb1 40. Kc4 g5 41. a4 Ra1 {[%emt 0:00:16] Against Ra3} 42. Kb4 f5 (42... c5+ $11 43. Kb5 g4 44. hxg4 hxg4) 43. a5 (43. Ra3 $1 $16 c5+ 44. Kb3 Rb1+ 45. Kc3) 43... c5+ 44. Kb5 c4 $2 {[%emt 0:00:03][%mdl 8192] [#]} (44... g4 $11 45. hxg4 fxg4 46. Re3+ Kd5) 45. Kb4 $1 $18 Kd5 {[%emt 0:00:15] [#] White must now prevent ...Kd4.} 46. Ra3 $1 (46. Rxf5+ Kd4 47. Rf7 (47. Rxg5 $2 Rb1+ 48. Ka4 c3 $19) 47... Rb1+ 48. Ka4 c3 49. Rd7+ Kc4 50. Rc7+ Kd3 51. Rd7+ (51. a6 $2 c2 $19) 51... Kc4 52. Rc7+ Kd3 53. Rd7+ (53. a6 $2 c2 $19) 53... Ke2 $17) 46... Rb1+ 47. Kc3 Rc1+ 48. Kd2 Rf1 (48... Rb1 49. a6 Rb8) 49. a6 {[%emt 0:00:00] Weighted Error Value: White=0.06 (flawless) /Black=0.29 (precise)} 1-0